 Dungeon Crawl Stone Soup version 0.27-a0-1200-g94dc6ad4cf (webtiles) character file.

Game seed: 13248877902652897861

1269 bande the Shield-Bearer (level 8, -8/48 HPs)
             Began as a Gargoyle Fighter on May 31, 2021.
             Mangled by an orc warrior
             ... wielding a +0 battleaxe
              (16 damage)
             ... on level 6 of the Dungeon on June 1, 2021.
             The game lasted 00:09:41 (5906 turns).

bande the Shield-Bearer (Gargoyle Fighter)          Turns: 5906, Time: 00:09:42

Health: -8/48      AC: 18    Str: 22    XL:     8   Next: 53%
Magic:  8/8        EV:  8    Int: 11    God:
Gold:   258        SH: 11    Dex: 10    Spells: 6/7 levels left

rFire    + . .     SeeInvis .   a - +1 war axe
rCold    + . .     Faith    .   c - +1 kite shield
rNeg     + . .     Spirit   .   b - +0 scale mail
rPois    ∞         Reflect  .   n - +1 helmet {Int+3}
rElec    +         Harm     .   d - +1 cloak
rCorr    +         Rampage  .   s - +0 pair of gloves
Will     .....                  (no boots)
Stlth    ..........             r - amulet of regeneration
HPRegen  1.16/turn              (no ring)
MPRegen  0.11/turn              (no ring)

@: resistant
A: sickness immunity, AC +5, negative energy resistance 1, electricity
resistance, torment resistance 1, petrification resistance
a: no special abilities


You were on level 6 of the Dungeon.
You visited 1 branch of the dungeon, and saw 6 of its levels.

You collected 303 gold pieces.
You spent 45 gold pieces at shops.

Inventory:

Hand Weapons
 a - a +1 war axe (weapon)
 e - a +2 vorpal mace
Missiles
 w - 6 atropa-tipped darts (quivered)
Armour
 b - a +0 scale mail (worn)
 c - a +1 kite shield (worn)
 d - a +1 cloak (worn)
 f - a +0 pair of gloves
 n - a +1 helmet of intelligence (worn)
 s - a +0 pair of gloves (worn)
Jewellery
 r - an amulet of regeneration (around neck)
 y - a +4 ring of slaying
Wands
 p - a wand of flame (10)
 q - a wand of polymorph (14)
Scrolls
 i - 6 scrolls of identify
 j - a scroll of fear
 k - 4 scrolls of teleportation
 l - 2 scrolls of magic mapping
 m - a scroll of fog
 o - a scroll of enchant armour
 x - a scroll of amnesia
Potions
 g - a potion of lignification
 h - a potion of brilliance
 u - a potion of attraction {unknown}
 v - a potion of degeneration {unknown}


   Skills:
 + Level 4.7 Fighting
 + Level 5.6 Axes
 + Level 5.3 Armour
 - Level 1.4 Dodging
 + Level 5.8 Shields
 * Level 2.3 Translocations
 * Level 2.3 Evocations


You had 6 spell levels left.
You knew the following spells:

 Your Spells              Type           Power      Damage    Failure   Level
a - Apportation           Tloc           10%        N/A       73%         1

Your spell library contained the following spells:

 Spells                   Type           Power      Damage    Failure   Level
 Animate Skeleton         Necr           0%         N/A       96%         1
 Corona                   Hex            0%         N/A       96%         1
 Summon Small Mammal      Summ           0%         N/A       96%         1
 Gell's Gravitas          Tloc           2%         N/A       97%         3
 Confusing Touch          Hex            0%         N/A       100%        3
 Inner Flame              Hex/Fire       0%         N/A       100%        3
 Tukima's Dance           Hex            0%         N/A       100%        3
 Cause Fear               Hex            0%         N/A       100%        4
 Petrify                  Tmut/Erth      0%         N/A       100%        4
 Hydra Form               Tmut           0%         N/A       100%        5
 Metabolic Englaciation   Hex/Ice        0%         N/A       100%        5
 Yara's Violent Unravell  Hex/Tmut       0%         3d3       100%        5


Dungeon Overview and Level Annotations

Branches:
Dungeon (6/15)
 Temple: D:4-7

Altars:
Ru

Shops:
D:5 ?

Annotations:
D:6 2 runed translucent doors


Innate Abilities, Weirdness & Mutations

You are immune to sickness and miasma.
Your stone body is resilient. (AC +5)
You are immune to poison.
You resist negative energy. (rN+)
You are resistant to electric shocks. (rElec)
You are resistant to unholy torment.
You are immune to petrification.


Message History

An orc warrior comes into view. It is wielding a +0 hand axe of venom.
You slash the phantom!
The phantom is moderately damaged.
The phantom hits you but does no damage.
You block the phantom's attack.
You slash the phantom!
The phantom is severely damaged.
The phantom hits you but does no damage.
You hit the phantom but do no damage.
The phantom is severely damaged.
The phantom hits you.
The phantom blinks!
You blink.
An orc warrior comes into view. It is wielding a +0 battleaxe.
The orc warrior hits you but does no damage.
Found a bone hand axe.
Unknown command.
It was a potion of resistance.
You feel protected.
The phantom hits you but does no damage.
The orc warrior completely misses you.
The orc warrior hits you with a +0 hand axe of venom!
You barely miss the orc warrior.
You hit the orc warrior but do no damage.
You closely miss the phantom.
The phantom hits you but does no damage.
You block the orc warrior's attack.
The orc warrior hits you but does no damage.
You block the phantom's attack.
The orc warrior hits you with a +0 battleaxe!
You barely miss the orc warrior. You hit the orc warrior.
You closely miss the phantom. You block the orc warrior's attack.
The phantom hits you but does no damage.
The orc warrior hits you with a +0 battleaxe!
* * * LOW HITPOINT WARNING * * *
The orc warrior hits you with a +0 hand axe of venom!
* * * LOW HITPOINT WARNING * * *
You barely miss the orc warrior. You closely miss the phantom.
You hit the orc warrior but do no damage.
The phantom hits you but does no damage.
The orc warrior hits you with a +0 battleaxe!
You die...

#.....###.#
#.....# #.#
#...#.###.#
#...#.....#
#...#####†#
..####...# #...#
.........# ###.#
######..## #.#
#.o@W##.# ###
#.##o#S#.#
..#§#.########
.###.#.........
)##.#)#.########
###.#.##.#
#'###..#
#.....## ##.####


You could see 2 orc warriors, a phantom and an adder.

Vanquished Creatures
  Duvessa (D:4)
  A water moccasin (D:6)
  2 ice beasts
  An ogre (D:5)
  A centaur (D:6)
  A scorpion (D:6)
  Dowan (D:4)
  A water moccasin skeleton (D:4)
  2 orc priests
  Crazy Yiuf (D:2)
  A gnoll shaman (D:5)
  2 bullfrog skeletons
  An orc wizard (D:4)
  3 iguanas (D:5)
  Robin (D:4)
  5 gnolls (D:5)
  14 adders
  A shadow imp (D:5)
  An adder skeleton (D:5)
  3 dart slugs
  4 orcs
  7 ball pythons
  3 endoplasms
  3 giant cockroaches
  15 goblins
  8 hobgoblins
  5 jackals (D:3)
  3 quokkas
  6 bats
  A frilled lizard (D:2)
  3 kobolds
  3 rats
105 creatures vanquished.

Vanquished Creatures (collateral kills)
  A frilled lizard (D:2)
1 creature vanquished.

Grand Total: 106 creatures vanquished

Notes
Turn   | Place    | Note
-------+----------+-------------------------------------------
     0 | D:1      | bande the Gargoyle Fighter began the quest for the Orb.
     0 | D:1      | Reached XP level 1. HP: 14/14 MP: 1/1
   445 | D:1      | Identified Sif Muna's Almanac of Transmigration and
                  | Execration
   576 | D:2      | Reached XP level 2. HP: 5/19 MP: 2/2
   831 | D:2      | Reached XP level 3. HP: 16/23 MP: 3/3
  1118 | D:2      | Found a runed translucent door.
  1119 | D:2      | Noticed Crazy Yiuf
  1298 | D:2      | Reached XP level 4. HP: 22/29 MP: 4/4
  1551 | D:2      | Found a faded altar of an unknown god.
  1947 | D:2      | Killed Crazy Yiuf
  1948 | D:2      | Reached XP level 5. HP: 4/33 MP: 0/5
  2535 | D:3      | Reached skill level 1 in Dodging
  2901 | D:4      | Noticed Robin
  3095 | D:4      | Killed Robin
  3141 | D:4      | Reached XP level 6. HP: 35/38 MP: 6/6
  3236 | D:4      | Found a sacrificial altar of Ru.
  3387 | D:4      | Noticed Duvessa
  3388 | D:4      | Noticed Dowan
  3404 | D:4      | Killed Duvessa
  3406 | D:4      | Killed Dowan
  3734 | D:4      | Reached XP level 7. HP: 38/43 MP: 7/7
  4291 | D:5      | Entered Level 5 of the Dungeon
  4390 | D:5      | Learned a level 1 spell: Apportation
  4498 | D:5      | Reached skill level 5 in Shields
  4500 | D:5      | Reached skill level 1 in Translocations
  4500 | D:5      | Reached skill level 1 in Evocations
  4762 | D:5      | Found Bullefupp's Magic Scroll Shop.
  4769 | D:5      | Bought a scroll of magic mapping for 45 gold pieces
  5238 | D:5      | Reached skill level 5 in Axes
  5484 | D:5      | Reached XP level 8. HP: 44/48 MP: 8/8
  5487 | D:5      | Reached skill level 5 in Armour
  5882 | D:6      | Found a large runed translucent door.
  5882 | D:6      | Found a large runed translucent door.
  5906 | D:6      | Mangled by an orc warrior

Illustrated notes

Levels and vault maps discovered:
D:1:      lightli_arrival_maybe_door_vault, layout_rooms
D:2:      layout_basic, hellmonk_ecumenical_altar_arch_garden,
          minmay_snake_closets, uniq_crazy_yiuf_cottage
D:3:      layout_rooms, kennysheep_big_empty_room
D:4:      layout_basic, nicolae_ru_great_annihilating_truth, uniq_duvessa,
          uniq_robin
D:5:      layout_basic, serial_shops,
          nicolae_shop_temple_entry_statues_fountains
D:6:      layout_basic, chequers_temple_overflow_statue_of_worship,
          minmay_temple_entry_poolview, minmay_hollow_rounded_squares

Skill      XL: |  1  2  3  4  5  6  7  8 |
---------------+-------------------------+-----
Axes           | 2 3 4 5 |  5.6
Armour         | 4 5 |  5.3
Shields        | 4 5 |  5.8
Dodging        | 1 |  1.4
Fighting       | 4 |  4.7
Translocations | 1 2 |  2.3
Evocations     | 1 2 |  2.3

Action                   |  1- 3 |  4- 6 |  7- 9 || total
-------------------------+-------+-------+-------++-------
Melee: War axe           |    64 |   192 |   164 ||   420
  Use: Scroll            |     5 |     7 |       ||    12
       Potion            |       |     4 |     3 ||     7
 Stab: Paralysed         |       |     1 |       ||     1
Armor: Scale mail        |    55 |   112 |   113 ||   280
       Skin              |       |    21 |       ||    21
Dodge: Dodged            |    34 |    58 |    50 ||   142
Block: Kite shield       |    46 |   146 |   113 ||   305

Table legend: (Time is in decaauts)
 A = Elapsed time spent in this place.
 B = Non-inter-level travel time spent in this place.
 C = Inter-level travel time spent in this place.
 D = Time resting spent in this place.
 E = Time spent auto-exploring this place.
 F = Levels seen in this place.
 G = Mean time per level.
                   A        B        C        D        E       F      G
               +--------+--------+--------+--------+--------+-----+--------+
         Total |   6145 |   6104 |     41 |    931 |   3816 |   6 | 1024.2 |
       Dungeon |   6145 |   6104 |     41 |    931 |   3816 |   6 | 1024.2 |
               +--------+--------+--------+--------+--------+-----+--------+

Top non-repeatable levels by time:
     D:2: 1798 daAuts
     D:4: 1442 daAuts
     D:5: 1105 daAuts
     D:3: 828 daAuts
     D:1: 532 daAuts
     D:6: 438 daAuts
